 Dungeon Crawl Stone Soup version 0.30-a0-702-gdf48620a09 (webtiles) character file.

Game seed: 9604961894171642764

143 avis the Shooter (level 4, -2/38 HPs)
             Began as a Demigod Hunter on Jan 22, 2023.
             Shot with an arrow by a centaur (12 damage)
             ... on level 4 of the Dungeon.
             The game lasted 00:11:55 (2464 turns).

avis the Shooter (Demigod Hunter)                   Turns: 2464, Time: 00:11:56

Health: -2/38      AC:  3    Str: 18    XL:     4   Next: 76%
Magic:  6/6        EV: 12    Int: 11    God:
Gold:   128        SH:  0    Dex: 21    Spells: 3/3 levels left

rFire   . . .      SeeInvis +    a - +0 shortbow
rCold   . . .      Faith    .    (shield currently unavailable)
rNeg    . . .      Spirit   .    c - +0 leather armour
rPois   .          Reflect  .    (no helmet)
rElec   .          Harm     .    (no cloak)
rCorr   .          Rampage  .    (no gloves)
Will    .....                    (no boots)
Stlth   ++                       (no amulet)
HPRegen 0.26/turn                h - +6 ring of strength
MPRegen 0.10/turn                r - ring of see invisible

@: no status effects
A: high MP 1, forlorn, divine attributes
a: no special abilities


You were on level 4 of the Dungeon.
You visited 1 branch of the dungeon, and saw 4 of its levels.

You collected 128 gold pieces.

Inventory:

Hand Weapons
 a - a +0 shortbow (weapon)
 b - a +2 vampiric dagger
 m - a +1 short sword of holy wrath
 w - a +0 whip of electrocution
Missiles
 p - 3 javelins
 x - 4 poisoned darts
Armour
 c - a +0 leather armour (worn)
Jewellery
 g - a ring of ice
 h - a +6 ring of strength (left hand)
 r - a ring of see invisible (right hand)
Scrolls
 d - a scroll of magic mapping {unknown}
 f - a scroll of immolation
 j - a scroll of poison {unknown}
 k - 2 scrolls of fear {unknown}
 l - 3 scrolls of teleportation {unknown}
 n - a scroll of enchant weapon {unknown}
 o - a scroll of fog {unknown}
 q - a scroll of brand weapon {unknown}
 s - a scroll of blinking {unknown}
 v - 3 scrolls of identify {unknown}
Potions
 e - 3 potions of curing {unknown}
 i - a potion of heal wounds {unknown}
 t - a potion of invisibility {unknown}
 u - a potion of ambrosia {unknown}


   Skills:
 - Level 3.0 Fighting
 * Level 4.8 Ranged Weapons
 - Level 2.0 Dodging
 - Level 2.0 Stealth


You had 3 spell levels left.
You didn't know any spells.
Your spell library contained the following spells:

 Spells                   Type           Power      Damage    Failure   Level
 Call Canine Familiar     Summ           0%         N/A       77%         3
 Portal Projectile        Hex/Tloc       0%         N/A       77%         3
 Tukima's Dance           Hex            0%         N/A       77%         3
 Leda's Liquefaction      Hex/Erth       0%         N/A       99%         4
 Passage of Golubria      Tloc           0%         N/A       99%         4
 Yara's Violent Unravell  Hex/Tmut       0%         3d3       100%        5


Dungeon Overview and Level Annotations

Branches:
Dungeon (4/15)
 Temple: D:4-7

Shops:
D:2 [

Annotations:
D:4 Eustachio


Innate Abilities, Weirdness & Mutations

You have an increased reservoir of magic. (+10% MP)
You shall have no god before yourself.
Your divine heritage dramatically boosts your attributes as you level up.


Message History

You are no longer poisoned.
You see here a +0 dagger.
There is an escape hatch in the ceiling here.
There is a stone staircase leading up, spattered with blood here.
Things that are here:
a +0 scale mail; a +0 dagger You see here a +0 whip.
There is an escape hatch in the floor here.
You start resting.
HP restored.
You slide downwards.
The hatch slams shut behind you.
Level annotation: Eustachio
Found a scroll labelled FOLIZIC VYGI and a bubbling puce potion.
k - 2 scrolls labelled FOLIZIC VYGI (gained 1)
e - 3 bubbling puce potions (gained 1)
A centaur comes into view.
You see here 8 gold pieces.
Fire: a) +0 shortbow
Press: ? - help, Q - select action, (/) - cycle Shift-Dir - straight line, f - centaur
Aim: a centaur (asleep, 98% to hit)
You shoot an arrow. The arrow hits the centaur.
The centaur shouts!
The centaur is moderately wounded.
The centaur wields a +0 shortbow.
The centaur shoots an arrow.
The arrow hits you!
The centaur shoots an arrow.
The arrow hits you!
Fire: a) +0 shortbow
Press: ? - help, Q - select action, (/) - cycle Shift-Dir - straight line, f/p - centaur
Aim: a centaur, wielding a +0 shortbow (moderately wounded, 75% to hit)
You shoot an arrow.
The arrow hits the centaur but does no damage.
The centaur is moderately wounded.
The centaur shoots an arrow.
The arrow hits you!
* * * LOW HITPOINT WARNING * * *
Fire: a) +0 shortbow
Press: ? - help, Q - select action, (/) - cycle Shift-Dir - straight line, f/p - centaur
Aim: a centaur, wielding a +0 shortbow (moderately wounded, 75% to hit)
You shoot an arrow. The arrow hits the centaur.
The centaur is moderately wounded.
The centaur shoots an arrow.
The arrow hits you!
You die...

##.### ....# # #
#.#.# .# #.
##.#.#####.#. #c# ###
#............
#.##.####..#.........
#.........#.#####.#.
##....###.#.### ..
#..@.......... .
#.#..#....##.####. .
#.......<.......
#....#####......
#.#..#####.#####
..........<#
##.#..####### #. ...


You could see a centaur.

Vanquished Creatures
  5 adders
  4 worms
  A dart slug (D:3)
  4 orcs (D:3)
  5 bats
  12 endoplasms
  2 giant cockroaches
  7 goblins
  7 hobgoblins
  2 jackals (D:2)
  8 kobolds
  3 quokkas
  5 ball pythons
  5 frilled lizards (D:1)
  7 rats
77 creatures vanquished.

Notes
Turn   | Place    | Note
-------+----------+-------------------------------------------
     0 | D:1      | avis the Demigod Hunter began the quest for the Orb.
     0 | D:1      | Reached XP level 1. HP: 17/17 MP: 3/3
    14 | D:1      | Reached skill level 1 in Stealth
    40 | D:1      | Reached XP level 2. HP: 24/24 MP: 4/4
   244 | D:1      | Reached skill level 4 in Ranged Weapons
   387 | D:1      | Reached XP level 3. HP: 29/29 MP: 5/5
  1096 | D:2      | Found Wuyzoap's Antique Armour Emporium.
  1255 | D:2      | Reached XP level 4. HP: 6/38 MP: 6/6
  1527 | D:3      | HP: 1/38 [orc/+0 hand axe (2)]
  1535 | D:3      | HP: 1/38 [orc/+0 hand axe (2)]
  2288 | D:4      | Noticed Eustachio
  2461 | D:4      | Noticed a centaur
  2464 | D:4      | Shot with an arrow by a centaur

Illustrated notes

Levels and vault maps discovered:
D:1:      giann_bridges, layout_rooms, ebering_ecumenical_altar_mist,
          minmay_tetromino_s2
D:2:      minmay_angry_zag, layout_loops_ring, serial_shops,
          nicolae_shop_hallway_stairs
D:3:      layout_rooms, minivault_4, dk_noncrumbling_3
D:4:      layout_loops_ring, led_sif_book, minmay_goblin_kobold_house,
          uniq_eustachio

Skill      XL: |  1  2  3 |
---------------+----------+-----
Stealth        | 1 2 |  2.0
Fighting       | 2 3 |  3.0
Dodging        | 2 |  2.0
Ranged Weapons | 4 |  4.8

Action                   |  1- 3 |  4- 6 || total
-------------------------+-------+-------++-------
Melee: Dagger            |    31 |    42 ||    73
 Fire: Shortbow          |   114 |    48 ||   162
Armor: Leather armour    |     5 |     7 ||    12
Dodge: Dodged            |    40 |    28 ||    68

Table legend: (Time is in decaauts)
 A = Elapsed time spent in this place.
 B = Non-inter-level travel time spent in this place.
 C = Inter-level travel time spent in this place.
 D = Time resting spent in this place.
 E = Time spent auto-exploring this place.
 F = Levels seen in this place.
 G = Mean time per level.
                   A        B        C        D        E       F      G
               +--------+--------+--------+--------+--------+-----+--------+
         Total |   2509 |   2137 |    372 |    340 |   1160 |   4 |  627.2 |
       Dungeon |   2509 |   2137 |    372 |    340 |   1160 |   4 |  627.2 |
               +--------+--------+--------+--------+--------+-----+--------+

Top non-repeatable levels by time:
     D:2: 1097 daAuts
     D:3: 760 daAuts
     D:1: 602 daAuts
     D:4: 48 daAuts
